 Dungeon Crawl Stone Soup version 0.19-a0-1875-g4fea3da (webtiles) character file.

18 George the Skirmisher (level 2, -19/27 HPs)
             Began as a Minotaur Fighter on Oct 13, 2016.
             Demolished by a goblin
             ... wielding a +1 dagger of electrocution
              (20 damage)
             ... on level 1 of the Dungeon.
             The game lasted 00:00:45 (277 turns).

George the Skirmisher (Minotaur Fighter)             Turns: 277, Time: 00:00:45

Health: -19/27     AC:  7    Str: 20    XL:     2   Next: 51%
Magic:  1/1        EV:  7    Int:  5    God:
Gold:   11         SH:  9    Dex:  9    Spells: 0 memorised, 1 level left

rFire  . . .     SeeInvis .     a - +0 long sword
rCold  . . .     Gourm    .     b - +0 scale mail
rNeg   . . .     Faith    .     c - +0 shield
rPois  .         Spirit   .     (helmet restricted)
rElec  .         Dismiss  .     (no cloak)
rCorr  .         Reflect  .     (no gloves)
MR     .....     Harm     .     (no boots)
Stlth  ..........               (no amulet)
                                (no ring)
                                (no ring)

@: no status effects
A: retaliatory headbutt, horns 2
a: no special abilities


You were on level 1 of the Dungeon.
You were not hungry.

You visited 1 branch of the dungeon, and saw 1 of its levels.

You collected 11 gold pieces.

Inventory:

Hand Weapons
 a - a +0 long sword (weapon)
Armour
 b - a +0 scale mail (worn)
 c - a +0 shield (worn)
Potions
 d - a potion of might
 e - a potion of resistance {unknown}
 h - a potion of curing {unknown}
Comestibles
 f - a bread ration
 g - a chunk of flesh


   Skills:
 + Level 3.9 Fighting
 * Level 2.9 Long Blades
 + Level 3.9 Armour
 + Level 3.8 Shields


You had one spell level left.
You didn't know any spells.

Dungeon Overview and Level Annotations

Branches:
Dungeon (1/15)

Altars:
Xom


Innate Abilities, Weirdness & Mutations

You reflexively headbutt those who attack you in melee.
You have a pair of horns on your head.


Message History

A goblin is nearby!
You block the goblin's attack.
You closely miss the goblin. The goblin barely misses you.
You barely miss the goblin. Your headbutt misses the goblin.
You block the goblin's attack. The goblin hits you with a dagger.
You hit the goblin.
The goblin is moderately wounded.
You block the goblin's attack. The goblin barely misses you.
You furiously retaliate!
You headbutt the goblin. You barely miss the goblin.
The goblin is severely wounded.
The goblin hits you but does no damage. x2; You are electrocuted!
Your shield and scale mail prevent you from hitting the goblin.
Your headbutt misses the goblin.
The goblin is severely wounded.
The goblin hits you but does no damage. x2; You are electrocuted!
* * * LOW HITPOINT WARNING * * *
The goblin hits you but does no damage.
You are electrocuted!
Ouch! That really hurt!
You die...

###..##.#
#...##..####
#..........##
##
##..#.#####...
#. ###.....#
#### #
#.##...##### #
#.#.#.....# ###
###..g#.)...#
#O#
#.....@.....#
###
#....g......#
#h#
#..............
###
##..####....###
#p# .... .....#
### .... #.>..#
#H# ... ......
### ... ####.
#e# ###


You could see 2 goblins.

Vanquished Creatures
  2 goblins (D:1)
  4 hobgoblins (D:1)
  2 kobolds (D:1)
  5 bats (D:1)
  4 rats (D:1)
17 creatures vanquished.

Notes
Turn   | Place    | Note
-------+----------+-------------------------------------------
     0 | D:1      | George the Minotaur Fighter began the quest for the Orb.
     0 | D:1      | Reached XP level 1. HP: 19/19 MP: 0/0
     2 | D:1      | Noticed a centaur
     2 | D:1      | Noticed a merfolk
     4 | D:1      | Noticed a naga
     6 | D:1      | Noticed a demonspawn
     8 | D:1      | Noticed a human
     8 | D:1      | Noticed a troll
    10 | D:1      | Noticed a vampire
    12 | D:1      | Noticed a demigod
    12 | D:1      | Noticed a tengu
    14 | D:1      | Noticed a spriggan
    16 | D:1      | Noticed a formicid
    16 | D:1      | Noticed a draconian
    18 | D:1      | Noticed an elf
    18 | D:1      | Noticed an octopode
    20 | D:1      | Noticed a minotaur
    20 | D:1      | Noticed a gargoyle
    22 | D:1      | Noticed a halfling
    22 | D:1      | Noticed a ghoul
    24 | D:1      | Noticed a felid
    24 | D:1      | Noticed a vine stalker
    26 | D:1      | Noticed an ogre
    26 | D:1      | Noticed a dwarf
   113 | D:1      | Found a shimmering altar of Xom.
   115 | D:1      | Found a burning altar of Makhleb.
   115 | D:1      | Found a glowing golden altar of the Shining One.
   120 | D:1      | Reached XP level 2. HP: 27/27 MP: 1/1
   121 | D:1      | Found a sacrificial altar of Ru.
   121 | D:1      | Found a shattered altar of Ashenzari.
   121 | D:1      | Found a deep blue altar of Sif Muna.
   277 | D:1      | HP: 1/27 [goblin/dagger of electrocution (13)]
   277 | D:1      | Demolished by a goblin

Vault maps used:
D:1:      kb_arrival_jail, doesnt_xom_only_xom

Action                   || total
-------------------------++-------
Melee: Long sword        ||    38
       Headbutt          ||     5
Armor: Scale mail        ||    23
Dodge: Dodged            ||    18
Block: Shield            ||    20
       Rpst.: Long sword ||     4
